 Seeded DCSS version 0.26.1-2-gb8aa6d0cf2 (webtiles) character file.

Game seed: 2766015790517002293 (custom seed)

5540 oldmanjim the Severer (level 10, -4/86 HPs)
             Began as a Minotaur Fighter on Feb 24, 2021.
             Was an Initiate of Gozag.
             Slain by an eight-headed hydra (9 damage)
             ... on level 8 of the Dungeon.
             The game lasted 00:36:20 (8238 turns).

oldmanjim the Severer (Minotaur Fighter)            Turns: 8238, Time: 00:36:21

Health: -4/86      AC: 12    Str: 18    XL:     10   Next: 43%
Magic:  9/9        EV:  6    Int:  5    God:    Gozag
Gold:   314        SH: 17    Dex: 19    Spells: 9/9 levels left

rFire    . . .     SeeInvis .   a - +12 war axe of Neqyik {vamp, Will++ Str-5 Dex+8 Stlth-}
rCold    . . .     Faith    .   c - +0 kite shield
rNeg     . . .     Spirit   .   P - +0 chain mail (curse)
rPois    .         Reflect  +   (helmet restricted)
rElec    .         Harm     .   z - +0 cloak
rCorr    .         Rampage  .   (no gloves)
Will     ++...                  F - +1 pair of boots
Stlth    ..........             q - amulet of reflection
HPRegen  0.24/turn              j - ring of stealth
MPRegen  0.11/turn              (no ring)

@: no status effects
A: retaliatory headbutt, horns 2
a: Renounce Religion, Potion Petition, Call Merchant, Bribe Branch


You were on level 8 of the Dungeon.
You worshipped Gozag.
Gozag was aware of your devotion.
You visited 2 branches of the dungeon, and saw 9 of its levels.
You also visited: Ossuary.

You collected 608 gold pieces.
You spent 161 gold pieces at shops.
You paid 133 gold pieces to Gozag.

Inventory:

Hand Weapons
 a - the +12 war axe of Neqyik (weapon) {vamp, Will++ Str-5 Dex+8 Stlth-}
   (You found it on level 6 of the Dungeon)

   It inflicts no extra harm, but heals its wielder when it wounds a living foe.
   It affects your strength (-5).
   It affects your dexterity (+8).
   It affects your willpower, your defense against some magical effects.
   It makes you less stealthy.
 b - a +0 hunting sling
 h - a +0 war axe
Missiles
 g - 217 stones
 o - 27 sling bullets
 w - 186 arrows
 y - 36 poisoned darts (quivered)
 D - 5 boomerangs
 E - 75 bolts
Armour
 c - a +0 kite shield (worn)
 z - a +0 cloak (worn)
 A - a +3 leather armour of cold resistance
 F - a +1 pair of boots (worn)
 N - a +0 pair of gloves
 P - a cursed +0 chain mail (worn)
Jewellery
 j - a ring of stealth (left hand)
 n - an uncursed amulet of magic regeneration
 p - an uncursed ring of fire
 q - an amulet of reflection (around neck)
 S - an uncursed amulet of guardian spirit {unknown}
 T - a +4 ring of protection {unknown}
Wands
 H - a wand of paralysis (9)
 J - a wand of digging (4)
 L - a wand of iceblast (9)
 U - a wand of flame (23)
Scrolls
 e - 5 scrolls of teleportation
 f - 4 scrolls of remove curse
 i - 3 scrolls of fog {unknown}
 k - 2 scrolls of magic mapping {unknown}
 s - a scroll of blinking {unknown}
 v - a scroll of noise {unknown}
 B - a scroll of amnesia {unknown}
 C - 2 scrolls of immolation {unknown}
 G - a scroll of random uselessness {unknown}
 I - 2 scrolls of enchant armour {unknown}
 Q - a scroll of brand weapon {unknown}
 R - a scroll of identify
Potions
 d - 2 potions of might
 l - 3 potions of heal wounds
 m - 2 potions of attraction
 r - a potion of cancellation
 t - 2 potions of haste
 u - 7 potions of curing
 x - a potion of brilliance
 K - 3 potions of mutation
 M - a potion of degeneration {unknown}
 O - 3 potions of lignification


   Skills:
 + Level 7.2 Fighting
 * Level 15.8 Axes
 - Level 4.0 Armour
 + Level 10.5 Shields


You had 9 spell levels left.
You didn't know any spells.
Your spell library was empty.

Dungeon Overview and Level Annotations

Branches:
Dungeon (8/15)             Temple (1/1) D:7         Ossuary (visited)
   Lair: D:8-11

Altars:
Ashenzari
Cheibriados
Dithmenos
Elyvilon
Fedhas
Gozag
Kikubaaqudgha
Nemelex Xobeh
Okawaru
Qazlal
Sif Muna
Trog
Uskayaw
Vehumet
Wu Jian
Yredelemnul
Zin
The Shining One

Shops:
D:4 [   D:6 *   D:8 [=


Innate Abilities, Weirdness & Mutations

You reflexively headbutt those who attack you in melee.
You have a pair of horns on your head.


Message History

The eight-headed hydra is lightly wounded.
You block the eight-headed hydra's attack.
The eight-headed hydra bites you! The eight-headed hydra bites you.
You block the eight-headed hydra's attack.
The eight-headed hydra bites you! x2
* * * LOW HITPOINT WARNING * * *
The eight-headed hydra bites you but does no damage. x2
The eight-headed hydra looks more healthy.
The eight-headed hydra bites you!
* * * LOW HITPOINT WARNING * * *
The eight-headed hydra bites you but does no damage. x2
You block the eight-headed hydra's attack. x3
The eight-headed hydra bites you!
* * * LOW HITPOINT WARNING * * *
The eight-headed hydra barely misses you.
There is a stone staircase leading up here.
You block the eight-headed hydra's attack. x2
The eight-headed hydra bites you!
You die...
Your body crumbles into a pile of gold.

#.# # #.. .# #.# #.# ##.### #.#
##+## #.# .....#
#.###########...###.# ###.....#
..........##.....##.# #.......#
#..#.####.#.......#.###.......#
#.....###.....................##
##..................)...........
#....###......D@..####...######
##.#.#.##.#.......## #..##
....###...##.....## #.## ##)##
##...##...## #..##
##.####.#.###+## ##.#.##
##.#..∩..# #.# #...#.# ##.##.###
#.# ##...## #.##.#####.### ##.##
#.##.........# #.#


You could see an eight-headed hydra.

Vanquished Creatures
  Pikel (D:7)
  Maurice (D:8)
  Sigmund (D:4)
  Menkaure (D:6)
  A water moccasin (D:6)
  2 orc warriors
  2 ice beasts
  2 phantoms (D:5)
  A sky beast (D:5)
  3 centaurs
  2 lemures (D:7)
  2 elf zombies (Ossuary)
  A big kobold (D:7)
  A water moccasin skeleton (D:7)
  3 killer bees (D:8)
  4 howler monkeys
  5 wights (D:7)
  3 centaur zombies
  A quasit (D:7)
  5 orc priests
  A human zombie (Ossuary)
  4 orc wizards
  3 iguanas (D:7)
  3 bullfrog skeletons
  Natasha (thrice) (D:2)
  3 worker ants (D:4)
  A big kobold zombie (Ossuary)
  3 hound zombies
  2 hound skeletons
  3 mummies (Ossuary)
  A howler monkey zombie (D:7)
  16 adders
  2 shadow imps
  3 white imps
  2 ufetubi
  2 oozes
  3 adder skeletons
  5 adder zombies
  3 worms
  5 dart slugs
  8 leopard geckos
  25 orcs
  8 giant cockroaches
  13 goblins
  6 hobgoblins
  A jackal (D:4)
  3 quokkas
  2 ball pythons
  5 bats
  6 frilled lizards
  4 gnoll zombies (Ossuary)
  3 goblin zombies (Ossuary)
  4 hobgoblin zombies (Ossuary)
  2 jackal zombies (Ossuary)
  17 kobolds
  4 kobold zombies (Ossuary)
  A leopard gecko skeleton (D:4)
  A leopard gecko zombie (D:5)
  2 quokka zombies (Ossuary)
  6 rats
  5 rat zombies (Ossuary)
236 creatures vanquished.

Notes
Turn   | Place    | Note
-------+----------+-------------------------------------------
     0 | D:1      | oldmanjim the Minotaur Fighter began the quest for the Orb.
     0 | D:1      | Reached XP level 1. HP: 19/19 MP: 0/0
   458 | D:1      | Reached XP level 2. HP: 27/27 MP: 1/1
   992 | D:1      | Reached XP level 3. HP: 33/33 MP: 2/2
  1347 | D:1      | Reached skill level 3 in Axes
  1470 | D:2      | Noticed Natasha
  1485 | D:2      | Killed Natasha
  1486 | D:2      | Reached XP level 4. HP: 24/40 MP: 3/3
  1562 | D:2      | Reached skill level 5 in Shields
  1792 | D:2      | Noticed Natasha
  1803 | D:2      | Killed Natasha
  2010 | D:2      | Noticed Natasha
  2020 | D:2      | Killed Natasha
  2021 | D:2      | Reached XP level 5. HP: 33/47 MP: 4/4
  3205 | D:3      | Reached skill level 4 in Axes
  3726 | D:4      | Reached XP level 6. HP: 51/55 MP: 5/5
  3786 | D:4      | Reached skill level 5 in Fighting
  4061 | D:4      | Found Akhef's Armour Shop.
  4070 | D:4      | Bought a +1 pair of boots for 161 gold pieces
  4440 | D:4      | You fall into a shaft and drop 1 floor!
  4440 | D:5      | Entered Level 5 of the Dungeon
  4465 | D:5      | Found a sand-covered staircase.
  4474 | Ossuary  | Entered an ossuary
  4637 | Ossuary  | Reached XP level 7. HP: 61/61 MP: 6/6
  4771 | Ossuary  | Reached skill level 5 in Axes
  5198 | D:5      | Reached skill level 6 in Axes
  5440 | D:4      | Noticed Sigmund
  5445 | D:4      | Killed Sigmund
  5446 | D:4      | Reached XP level 8. HP: 70/70 MP: 7/7
  5633 | D:5      | Reached skill level 7 in Axes
  6332 | D:6      | Reached skill level 8 in Axes
  6675 | D:6      | Reached skill level 15 in Axes
  6675 | D:6      | Reached XP level 9. HP: 75/75 MP: 8/8
  6749 | D:6      | Got a pitted war axe
  6750 | D:6      | Identified the +12 war axe of Neqyik {vamp, Will++ Str-5
                  | Dex+8 Stlth-} (You found it on level 6 of the Dungeon)
  6816 | D:6      | Noticed Menkaure
  6820 | D:6      | Killed Menkaure
  7027 | D:6      | Found Ybude's Serpentskin Sales.
  7062 | D:6      | Reached skill level 10 in Shields
  7204 | D:7      | Noticed Pikel
  7213 | D:7      | Killed Pikel
  7214 | D:7      | Reached XP level 10. HP: 84/84 MP: 9/9
  7365 | D:7      | Found a staircase to the Ecumenical Temple.
  7395 | Temple   | Entered the Ecumenical Temple
  7404 | Temple   | Became a worshipper of Gozag Ym Sagoz the Greedy
  8028 | D:7      | Found an ornate altar of the Wu Jian Council.
  8048 | D:7      | Found a blossoming altar of Fedhas.
  8050 | D:7      | Found a glowing silver altar of Zin.
  8125 | D:8      | Found Daluwke's Jewellery Shoppe.
  8138 | D:8      | Found Buakhikk's Armour Boutique.
  8150 | D:8      | Noticed Maurice
  8165 | D:8      | Killed Maurice
  8200 | D:8      | Noticed a seven-headed hydra
  8232 | D:8      | HP: 4/86 [eight-headed hydra (12)]
  8238 | D:8      | Slain by an eight-headed hydra

Illustrated notes

Levels and vault maps discovered:
D:1:      sevenhm_arrival_forest_fort_large_4, layout_loops_ring
D:2:      layout_rooms, nrook_mini_backslash, uniq_natasha
D:3:      minmay_wonky_spiral, layout_loops_ring, kennysheep_generic_room_2
D:4:      layout_loops_ring, serial_shops, nicolae_shop_crystal,
          minmay_crystal_water, minmay_joined_circles, uniq_sigmund
D:5:      layout_rooms, nicolae_ossuary_entry_ruins, chequers_mini_garden
D:6:      layout_basic, guppyfry_shop_venom, uniq_menkaure
D:7:      layout_basic, minitemple, minmay_temple_entry_stoned_glass,
          minivault_1, uniq_pikel
D:8:      layout_loops_corners, nzn_hepliaklqana_mist_gate, serial_shops, shop,
          nicolae_shop_crystal, uniq_maurice, uniq_grum, uniq_erica, uniq_joseph
Temple:   nicolae_temple_no_exploring_needed

Skill      XL: |  1  2  3  4  5  6  7  8  9 10 |
---------------+-------------------------------+-----
Shields        | 4 5 6 7 8 9 10 | 10.5
Armour         | 4 |  4.0
Fighting       | 4 5 6 7 |  7.2
Axes           | 3 4 6 15 | 15.8

Action                   |  1- 3 |  4- 6 |  7- 9 | 10-12 || total
-------------------------+-------+-------+-------+-------++-------
Melee: War axe           |    65 |   194 |   207 |    81 ||   547
       Headbutt          |     8 |    33 |    42 |    21 ||   104
 Fire: Hunting sling     |       |    89 |   119 |     3 ||   211
Throw: Stone             |       |     2 |       |       ||     2
       Dart              |       |     7 |       |     4 ||    11
  Use: Scroll            |       |       |    11 |       ||    11
       Potion            |       |       |     1 |       ||     1
 Stab: Sleeping          |       |       |     3 |       ||     3
       Distracted        |       |       |       |     2 ||     2
Armor: Scale mail        |    23 |    42 |       |       ||    65
       Leather armour    |       |    20 |    62 |     7 ||    89
       Chain mail        |       |       |       |    11 ||    11
Dodge: Dodged            |    16 |    46 |    57 |    11 ||   130
Block: Kite shield       |    42 |    85 |   126 |    60 ||   313
       Reflection        |       |       |     2 |     5 ||     7
